 Dungeon Crawl Stone Soup version 0.32-a0-913-g739538afd8 (webtiles) character file.

Game seed: 15823421917331676070

483 gohu the Chopper (level 6, -1/52 HPs)
             Began as a Mountain Dwarf Fighter on Apr 7, 2024.
             Slain by Duvessa
             ... wielding a +0 short sword
              (3 damage)
             ... on level 5 of the Dungeon.
             The game lasted 00:05:15 (3450 turns).

gohu the Chopper (Mountain Dwarf Fighter)           Turns: 3450, Time: 00:05:16

Health: -1/52      AC: 13    Str: 20    XL:     6   Next: 88%
Magic:  15/15      EV:  6    Int:  9    God:
Gold:   52         SH:  4    Dex:  9    Spells: 5/5 levels left

rFire   . . .        a - +0 war axe
rCold   . . .        c - +0 buckler
rNeg    . . .        f - +0 chain mail
rPois   .            (no helmet)
rElec   .            v - +0 cloak
rCorr   .            k - +0 pair of gloves
SInv    .            n - +0 pair of boots
Will    .....        o - amulet of faith Stlth
                     l - +4 ring of slaying
HPRegen 0.28/turn    s - ring of magical power
MPRegen 0.14/turn

%: faith
@: lit by a corona, glowing
A: runic magic, artefact enchanting
a: no special abilities


You were on level 5 of the Dungeon.
You visited 1 branch of the dungeon, and saw 5 of its levels.

You collected 142 gold pieces.
You spent 90 gold pieces at shops.

Inventory:

Hand Weapons
 a - a +0 war axe (weapon)
Missiles
 p - 6 boomerangs (quivered)
Armour
 b - a +0 scale mail
 c - a +0 buckler (worn)
 f - a +0 chain mail (worn)
 k - a +0 pair of gloves (worn)
 n - a +0 pair of boots (worn)
 v - a +0 cloak (worn)
Jewellery
 l - a +4 ring of slaying (left hand)
 o - an amulet of faith (around neck)
 s - a ring of magical power (right hand)
 w - a +5 ring of evasion
Wands
 g - a wand of flame (5)
Scrolls
 e - 3 scrolls of amnesia
 h - a scroll of enchant weapon
 r - a scroll of silence
Potions
 i - a potion of attraction {unknown}
 j - a potion of magic {unknown}
 m - a potion of lignification {unknown}
 q - 4 potions of curing


   Skills:
 + Level 4.3 Fighting
 * Level 7.2 Axes
 + Level 0.4 Throwing
 + Level 4.6 Armour
 + Level 3.8 Shields
 + Level 0.2 Evocations


You had 5 spell levels left.
You didn't know any spells.
Your spell library contained the following spells:

 Spells                   Type           Power      Damage    Failure   Level
 Stone Arrow              Conj/Erth      0%         3d7       94%         3
 Tukima's Dance           Hex            0%         N/A       94%         3
 Animate Armour           Summ/Erth      0%         N/A       100%        4
 Passage of Golubria      Tloc           0%         N/A       100%        4
 Yara's Violent Unravell  Hex/Alch       0%         3d3       100%        5
 Lehudib's Crystal Spear  Conj/Erth      0%         10d2      100%        8


Dungeon Overview and Level Annotations

Branches:
Dungeon (5/15)
 Temple: D:4-7

Altars:
Zin
The Shining One
Beogh

Annotations:
D:2 1 runed translucent door, Crazy Yiuf
D:5 Duvessa


Innate Abilities, Weirdness & Mutations

Your spellcasting is much less encumbered by armour.
You can use scrolls of enchantment on lesser artefacts.


Message History

You hit Dowan. Duvessa hits you with a +0 short sword.
Dowan hits you but does no damage.
Duvessa shouts, "You can run, but you cannot escape us forever!"
Duvessa hits you with a +0 short sword!
You hit Duvessa but do no damage.
Duvessa is moderately wounded.
You closely miss Dowan. Duvessa hits you with a +0 short sword.
Dowan closely misses you.
You hit Duvessa.
Duvessa is heavily wounded.
You barely miss Dowan. Duvessa hits you but does no damage.
Dowan casts a spell at you. The puff of flame hits you.
Duvessa completely misses you. You block Dowan's attack.
You slash Duvessa!
Duvessa is severely wounded.
You slash Dowan! Duvessa hits you but does no damage.
Duvessa hits you with a +0 short sword. Dowan hits you but does no damage.
You hit Duvessa.
Duvessa is severely wounded.
You closely miss Dowan. Duvessa hits you with a +0 short sword.
* * * LOW HITPOINT WARNING * * *
Dowan says, "Stay away from my face!"
Dowan casts a spell at you. The puff of flame hits you.
* * * LOW HITPOINT WARNING * * *
You block Duvessa's attack.
You closely miss Duvessa.
Duvessa is severely wounded.
You slash Dowan!
You kill Dowan!
Duvessa screams in rage.
Duvessa goes berserk!
Duvessa barely misses you. Duvessa hits you with a +0 short sword.
* * * LOW HITPOINT WARNING * * *
Your Axes skill increases to level 7!
You hit Duvessa but do no damage.
Duvessa is severely wounded.
Duvessa hits you with a +0 short sword.
You die...

. ### ## .##
#e##.#...#
##.@....#
###..)...##
##.....#..#
#.....##.....
###...# .....
#...# .....
#.### #...
#....# #..
#.....


You could see Duvessa (berserk, fast).

Vanquished Creatures
  2 ogres (D:4)
  A phantom (D:4)
  Dowan (D:5)
  An orc priest (D:3)
  Terence (D:2)
  A sleepcap (D:4)
  An orc wizard (D:3)
  2 adders
  3 dart slugs
  2 orcs (D:3)
  5 bats
  9 endoplasms
  4 giant cockroaches
  5 goblins
  5 hobgoblins
  9 kobolds
  4 quokkas
  7 ball pythons
  3 frilled lizards (D:1)
  3 rats (D:1)
69 creatures vanquished.

Notes
Turn   | Place    | Note
-------+----------+-------------------------------------------
     0 | D:1      | gohu the Mountain Dwarf Fighter began the quest for the
                  | Orb.
     0 | D:1      | Reached XP level 1. HP: 19/19 MP: 1/1
    68 | D:1      | Found a faded altar of an unknown god.
    83 | D:1      | Reached XP level 2. HP: 25/26 MP: 2/2
   203 | D:1      | Reached skill level 3 in Axes
   416 | D:1      | Reached XP level 3. HP: 19/31 MP: 3/3
   703 | D:2      | Found a runed translucent door.
   704 | D:2      | Noticed Crazy Yiuf
   722 | D:2      | Noticed Terence
   734 | D:2      | Killed Terence
   735 | D:2      | Reached skill level 4 in Axes
   873 | D:2      | Reached XP level 4. HP: 30/40 MP: 4/4
  1727 | D:3      | Found a glowing golden altar of the Shining One.
  2440 | D:3      | Found a roughly hewn altar of Beogh.
  2659 | D:3      | Reached skill level 5 in Axes
  2659 | D:3      | Reached XP level 5. HP: 46/46 MP: 5/5
  2808 | D:4      | Noticed an ogre
  2808 | D:4      | Found Zin's Purification Station.
  2808 | D:4      | Found a glowing silver altar of Zin.
  2811 | D:4      | Killed an ogre
  2851 | D:4      | Bought a potion of curing for 90 gold pieces
  2868 | D:4      | Noticed an ogre
  2876 | D:4      | Killed an ogre
  2877 | D:4      | Reached skill level 6 in Axes
  2877 | D:4      | Reached XP level 6. HP: 52/52 MP: 6/6
  3411 | D:5      | Entered Level 5 of the Dungeon
  3423 | D:5      | Noticed Duvessa
  3423 | D:5      | Noticed Dowan
  3449 | D:5      | Killed Dowan
  3449 | D:5      | HP: 2/52 [Duvessa/+0 short sword (4)]
  3450 | D:5      | Reached skill level 7 in Axes
  3450 | D:5      | Slain by Duvessa

Illustrated notes

Levels and vault maps discovered:
D:1:      dpeg_arrival_tiny_f, layout_rooms, dreamdust_ecumenical_altar_statues,
          minmay_hexomino_u4
D:2:      layout_basic, uniq_terence, uniq_crazy_yiuf_cottage
D:3:      layout_loops_ring, overflow_temple_1_default, kennysheep_orc_chapel
D:4:      layout_basic, zin_purify, chequers_serial_rivers_micro_c
D:5:      kennysheep_spiral_hall, layout_cave_pools, nicolae_uskayaw_dance_hall,
          minmay_temple_entry_from_below_a,
          mainiacjoe_sewer_entry_somewhere_in_here_2, chequers_jeans,
          grunt_ministairs_3, minmay_joined_circles, uniq_duvessa,
          uniq_blork_the_orc

Skill      XL: |  1  2  3  4  5  6 |
---------------+-------------------+-----
Axes           | 3 4 5 6 7 |  7.2
Armour         | 4 |  4.6
Fighting       | 4 |  4.3
Throwing       | |  0.4
Shields        | |  3.8
Evocations     | |  0.2

Action                     |  1- 3 |  4- 6 || total
---------------------------+-------+-------++-------
  Melee: War axe           |   122 |   106 ||   228
  Throw: Boomerang         |       |     8 ||     8
  Evoke: Wand              |       |     3 ||     3
    Use: Potion            |       |     2 ||     2
         Scroll            |       |     4 ||     4
 Armour: Scale mail        |    27 |       ||    27
         Chain mail        |    87 |   104 ||   191
  Dodge: Dodged            |    41 |    30 ||    71
  Block: Buckler           |    29 |    18 ||    47

Table legend: (Time is in decaauts)
 A = Elapsed time spent in this place.
 B = Non-inter-level travel time spent in this place.
 C = Inter-level travel time spent in this place.
 D = Time resting spent in this place.
 E = Time spent auto-exploring this place.
 F = Levels seen in this place.
 G = Mean time per level.
                   A        B        C        D        E       F      G
               +--------+--------+--------+--------+--------+-----+--------+
         Total |   3527 |   3351 |    176 |     85 |   2590 |   5 |  705.4 |
       Dungeon |   3527 |   3351 |    176 |     85 |   2590 |   5 |  705.4 |
               +--------+--------+--------+--------+--------+-----+--------+

Top non-repeatable levels by time:
     D:2: 1220 daAuts
     D:3: 972 daAuts
     D:1: 683 daAuts
     D:4: 613 daAuts
     D:5: 38 daAuts
